 Dungeon Crawl Stone Soup version 0.25-a0-474-ga8a2ee3166 (webtiles) character file.

Game seed: 5452192650625730171, levelgen mode: deterministic

42 funkygono the Vandal (level 3, -3/24 HPs)
             Began as a Halfling Hunter on Feb 6, 2020.
             Slain by a worm (7 damage)
             ... on level 2 of the Dungeon.
             The game lasted 00:04:33 (1437 turns).

funkygono the Vandal (Halfling Hunter)              Turns: 1437, Time: 00:04:34

Health: -3/24      AC:  3    Str: 14    XL:     3   Next: 77%
Magic:  12/12      EV: 14    Int: 14    God:
Gold:   80         SH:  0    Dex: 14    Spells: 2/2 levels left

rFire    . . .     SeeInvis .   a - +1 short sword
rCold    . . .     Gourm    .   (shield restricted)
rNeg     . . .     Faith    .   c - +0 leather armour
rPois    .         Spirit   .   (no helmet)
rElec    .         Reflect  .   (no cloak)
rCorr    .         Harm     .   (no gloves)
MR       .....                  (no boots)
Stlth    +.........             (no amulet)
HPRegen  0.08/turn              l - ring of magical power
MPRegen  0.13/turn              g - +5 ring of intelligence

@: no status effects
A: small, mutation resistance 1
a: no special abilities


You were on level 2 of the Dungeon.
You were hungry.

You visited 1 branch of the dungeon, and saw 2 of its levels.

You collected 80 gold pieces.

Inventory:

Hand Weapons
 a - a +1 short sword (weapon)
 o - a +1 hunting sling of freezing
Missiles
 d - 14 sling bullets
 e - 66 stones (quivered)
Armour
 c - a +0 leather armour (worn)
Jewellery
 g - a +5 ring of intelligence (right hand)
 l - a ring of magical power (left hand)
Wands
 m - a wand of disintegration (9)
Scrolls
 h - 2 scrolls of identify
 k - a scroll of enchant armour {unknown}
Potions
 i - a potion of agility {unknown}
 j - 2 potions of invisibility
Comestibles
 f - 2 rations
 n - 3 chunks of flesh


   Skills:
 + Level 1.8 Fighting
 + Level 0.2 Short Blades
 + Level 7.2 Slings
 + Level 0.7 Armour
 + Level 2.3 Dodging
 + Level 1.1 Stealth


You had 2 spell levels left.
You didn't know any spells.
Your spell library was empty.

Dungeon Overview and Level Annotations

Branches:
Dungeon (2/15)

Altars:


Innate Abilities, Weirdness & Mutations

You are small and have problems with some larger weapons.
You are somewhat resistant to further mutation.


Message History

The worm closely misses you.
You hit the worm.
The worm is moderately wounded.
The worm bites you but does no damage.
You hit the worm.
The worm is moderately wounded.
The phantom blinks!
You hit the worm but do no damage.
The worm is moderately wounded.
The worm bites you!
* * * LOW HITPOINT WARNING * * *
You barely miss the worm.
The worm is moderately wounded.
The worm bites you but does no damage.
You puncture the worm!
The worm is heavily wounded.
You barely miss the worm.
The worm is heavily wounded.
The worm bites you!
You die...

#(. .#
..)..#.##.#.##
#####
..#.#####.#....#
##..... ##...# ...
.....#.)..# ###.##
.>.#.# #.##.# ....
#.####.#
##...######.#)#
#..# #......##
##..........###..(
######...
#########.#.#.#W#
..........
#.##.##.###
#######...
#.....@w..# ####.#
####.##......#
#..... #.# .#.####
#..... ... (( ..
##..... .#.##.#.
.# #...... #.#..
.... .. #...... .
..# .# .. .
#...... #. ### ?#
... #.รท.... #
#.#####


You could see a phantom and a worm.

Vanquished Creatures
  A worm (D:2)
  A dart slug (D:2)
  A leopard gecko (D:2)
  2 ball pythons
  2 giant cockroaches (D:1)
  5 hobgoblins
  6 bats (D:1)
  3 frilled lizards
  5 goblins
  5 kobolds
  4 rats
35 creatures vanquished.

Notes
Turn   | Place    | Note
-------+----------+-------------------------------------------
     0 | D:1      | funkygono the Halfling Hunter began the quest for the Orb.
     0 | D:1      | Reached XP level 1. HP: 14/14 MP: 1/1
    33 | D:1      | Reached skill level 6 in Slings
   211 | D:1      | Reached XP level 2. HP: 19/19 MP: 2/2
   442 | D:1      | Reached XP level 3. HP: 18/24 MP: 3/3
   892 | D:2      | Reached skill level 7 in Slings
  1417 | D:2      | Noticed a phantom
  1437 | D:2      | Slain by a worm

Levels and vault maps discovered:
D:1:      sevenhm_arrival_forest_fort_small_3, layout_loops_ring, serial_forest,
          infiniplex_forest_corner_1, infiniplex_forest_straight_4,
          infiniplex_forest_corner_1, infiniplex_forest_lined_room_,
          infiniplex_forest_clump_small, infiniplex_forest_pool,
          infiniplex_forest_clump_tiny, nrook_mini_vaults
D:2:      layout_loops_cross

Skill      XL: |  1  2  3 |
---------------+----------+-----
Slings         | 6 7 |  7.2
Fighting       | |  1.8
Short Blades   | |  0.2
Armour         | |  0.7
Dodging        | |  2.3
Stealth        | |  1.1

Action                   || total
-------------------------++-------
Melee: Short sword       ||    53
 Fire: Hunting sling     ||    56
  Use: Scroll            ||     6
  Eat: Chunk             ||     1
Armor: Leather armour    ||    10
Dodge: Dodged            ||    32

Table legend:
 A = Non-vault XP
 B = Vault XP
 C = Vault XP percentage of total XP
 D = Non-vault monster count
 E = Vault monster count
 F = Vault count percentage of total count
                 A         B        C        D         E       F
            +---------+---------+-------+---------+---------+-------
      Total |      60 |       0 |   0.0 |      35 |       0 |   0.0
            +---------+---------+-------+---------+---------+-------
        D:1 |      33 |       0 |   0.0 |      22 |       0 |   0.0
        D:2 |      27 |       0 |   0.0 |      13 |       0 |   0.0
            +---------+---------+-------+---------+---------+-------
